 Dungeon Crawl Stone Soup version 0.26.1-2-gb8aa6d0cf2 (webtiles) character file.

Game seed: 8051917507632949269

19796 H0rd4k the Nimble (level 13, -4/101 HPs)
             Began as a Human Artificer on Feb 23, 2021.
             Was an Initiate of Gozag.
             Slain by a bog body (27 damage)
             ... on level 3 of the Lair of Beasts on Feb 24, 2021.
             The game lasted 00:47:14 (31796 turns).

H0rd4k the Nimble (Human Artificer)                Turns: 31796, Time: 00:47:15

Health: -4/101     AC:  7    Str: 12    XL:     13   Next: 7%
Magic:  22/22      EV: 19    Int: 18    God:    Gozag
Gold:   1101       SH:  0    Dex: 13    Spells: 12/12 levels left

rFire    . . .     SeeInvis .   k - +4 dagger (freeze)
rCold    . . .     Faith    .   (no shield)
rNeg     . . .     Spirit   .   C - +1 robe of Tysaoluc {rPois MP+9}
rPois    +         Reflect  .   a - +1 helmet
rElec    .         Harm     .   (no cloak)
rCorr    .         Rampage  .   (no gloves)
Will     .....                  m - +1 pair of boots
Stlth    +++.......             (no amulet)
HPRegen  0.26/turn              B - ring "Uxedwy Pacu" {+Inv Str-4 Int+4}
MPRegen  0.18/turn              (no ring)

@: slowed, very slow
A: no striking features
a: Renounce Religion, Evoke Invisibility, Potion Petition, Call Merchant, Bribe
Branch


You were on level 3 of the Lair of Beasts.
You worshipped Gozag.
Gozag was most pleased with you.
You visited 3 branches of the dungeon, and saw 14 of its levels.

You collected 2084 gold pieces.
You spent 304 gold pieces at shops.
You paid 679 gold pieces to Gozag.

Inventory:

Hand Weapons
 c - a +1 shortbow of freezing
 i - a +2 dagger of venom
 k - a +4 dagger of freezing (weapon)
 u - a +3 shortbow
 z - the +5 shortbow "Widat" {flame, Stlth+}
   (You bought it in a shop on level 9 of the Dungeon)

   It causes projectiles fired from it to burn those they strike, causing extra
   injury to most foes and up to half again as much damage against particularly
   susceptible opponents.
   It makes you more stealthy.
Missiles
 h - 223 arrows
 p - 3 curare-tipped darts (quivered)
 v - 14 atropa-tipped darts
Armour
 a - a +1 helmet (worn)
 g - the +1 robe of Xowyukk {Str-4 Int+7}
   (You found it on level 5 of the Dungeon)

   It affects your strength (-4).
   It affects your intelligence (+7).
 m - a +1 pair of boots (worn)
 n - a +2 robe of positive energy
 C - the +1 robe of Tysaoluc (worn) {rPois MP+9}
   (You found it on level 7 of the Dungeon)

   It protects you from poison.
   It affects your magic capacity (+9).
Jewellery
 B - the ring "Uxedwy Pacu" (left hand) {+Inv Str-4 Int+4}
   (You found it on level 7 of the Dungeon)

   [ring of strength]

   It affects your strength (-4).
   It affects your intelligence (+4).
   It lets you turn invisible.
Wands
 e - a wand of random effects (6)
 s - a wand of polymorph (30)
Scrolls
 b - 12 scrolls of identify
 f - a scroll of teleportation
 l - 3 scrolls of immolation
 r - 4 scrolls of remove curse
 x - 2 scrolls of amnesia
 A - 3 scrolls of magic mapping
Potions
 d - a potion of flight
 o - 3 potions of mutation
 q - 12 potions of curing
 t - 2 potions of might {unknown}
 w - a potion of degeneration {unknown}
 G - 2 potions of haste
Miscellaneous
 j - a phial of floods
 y - a lightning rod (4/4)
 F - a condenser vane (inert)


   Skills:
 + Level 9.1 Fighting
 + Level 11.0 Short Blades
 * Level 5.6 Bows
 - Level 2.1 Armour
 + Level 11.3 Dodging
 + Level 6.1 Stealth
 + Level 6.7 Evocations


You had 12 spell levels left.
You didn't know any spells.
Your spell library was empty.

Dungeon Overview and Level Annotations

Branches:
Dungeon (10/15)            Temple (1/1) D:7            Lair (3/6) D:10
  Swamp (0/4) Lair:3       Spider (0/4) Lair:3          Orc (0/2) D:9

Altars:
Ashenzari
Cheibriados
Dithmenos
Elyvilon
Fedhas
Gozag
Hepliaklqana
Kikubaaqudgha
Makhleb
Nemelex Xobeh
Okawaru
Qazlal
Ru
Sif Muna
Trog
Uskayaw
Vehumet
Wu Jian
Xom
Yredelemnul
Zin
The Shining One

Shops:
D:9 (

Annotations:
D:1 exclusion: downstairs
D:5 exclusion: downstairs
D:7 exclusion: downstairs
D:8 3 runed translucent doors, exclusions: 3 doors and downstairs, Mattiprrivan's ghost, novice OpCK
D:9 exclusion: 2 downstairs
Lair:1 1 runed translucent door, 2 transporters, exclusions: door and 2 downstairs, Harold; kalagan's ghost, journeyman DECj
Lair:3 exclusion: upstairs


Message History

The bog body is moderately damaged.
The bog body barely misses you.
You hit the bog body but do no damage.
The bog body is moderately damaged.
You closely miss the bog body.
The bog body is moderately damaged.
The bog body gestures at you while chanting.
The bolt of cold misses you.
You hit the bog body. You freeze the bog body.
The bog body is heavily damaged.
The bog body completely misses you.
You puncture the bog body!
The bog body is severely damaged.
You hit the bog body but do no damage.
The bog body is severely damaged.
The bog body touches you!
* * * LOW HITPOINT WARNING * * *
The bog body freezes you!!
You die...
Your body crumbles into a pile of gold.

## ### ###. #.# ##..#
#### ##. ...##.#.### ##
###P...§§§§.# # ##.
#.#...§§§§§.. #..
##.....§♣§≈§. ##..#
##....@n≈§§≈≈.
#....######.......≈§§♣≈.
.....#......##.....♣♣§..
# .........##.##........
# #
..##....#######....#.. #
#..### ....### # #...##
.<..## ###..## .....# #
##..###....## #


You could see a bog body.

Vanquished Creatures
  A hydra (Lair:3)
  Nergalle (Lair:2)
  A bog body (Lair:3)
  7 elephants
  5 cane toads
  A centaur skeleton (D:9)
  2 komodo dragons
  2 trolls
  Prince Ribbit (Lair:3)
  4 blink frogs (Lair:3)
  Sigmund (D:2)
  2 wyverns (Lair:3)
  A wraith (D:9)
  A basilisk (Lair:1)
  25 yaks
  Grum (D:7)
  A steam dragon (D:10)
  2 wargs (D:9)
  7 water moccasins
  A soldier ant (D:10)
  2 phantoms
  2 ice beasts
  2 black bears
  3 sky beasts
  16 wolves
  6 ogres
  5 centaurs
  5 bullfrogs
  A water moccasin skeleton (D:9)
  4 scorpions
  2 jellies
  A howler monkey (D:10)
  12 wights
  An electric eel (Lair:3)
  4 centaur zombies
  12 orc wizards
  9 hounds
  6 orc priests
  3 bullfrog skeletons
  Terence (D:2)
  4 iguanas
  9 worker ants
  A killer bee zombie (D:8)
  A hound zombie (D:7)
  53 orcs
  A worker ant zombie (D:6)
  A howler monkey skeleton (D:7)
  8 gnolls
  10 adders
  2 white imps
  An ufetubus (D:8)
  An adder skeleton (D:4)
  3 worms (D:2)
  3 dart slugs
  7 leopard geckos
  4 giant cockroaches
  7 hobgoblins
  15 jackals
  5 quokkas
  A ball python (D:1)
  6 bats
  7 frilled lizards
  7 goblins
  12 kobolds
  A leopard gecko skeleton (D:4)
  A leopard gecko zombie (D:6)
  7 rats
342 creatures vanquished.

Vanquished Creatures (collateral kills)
  2 orcs
  2 orc priests (D:2)
  A gnoll (D:3)
  2 dart slugs
  A quokka (D:3)
8 creatures vanquished.

Vanquished Creatures (others)
  An orc wizard (D:6)
  A gnoll (D:4)
  A kobold (D:2)
  13 fungi
  39 plants
55 creatures vanquished.

Grand Total: 405 creatures vanquished

Notes
Turn   | Place    | Note
-------+----------+-------------------------------------------
     0 | D:1      | H0rd4k the Human Artificer began the quest for the Orb.
     0 | D:1      | Reached XP level 1. HP: 15/15 MP: 1/1
   322 | D:1      | You fall into a shaft and drop 1 floor!
   327 | D:2      | Reached XP level 2. HP: 21/21 MP: 2/2
   340 | D:2      | Noticed Sigmund
   459 | D:1      | Reached XP level 3. HP: 7/26 MP: 3/3
  1533 | D:1      | You fall into a shaft and drop 1 floor!
  1967 | D:2      | Reached XP level 4. HP: 32/32 MP: 4/4
  1985 | D:2      | Reached skill level 1 in Short Blades
  2665 | D:2      | Killed Sigmund
  2666 | D:2      | Reached XP level 5. HP: 33/38 MP: 5/5
  2666 | D:2      | Reached XP level 6. HP: 38/44 MP: 6/6
  2956 | D:2      | Noticed Terence
  2974 | D:2      | Killed Terence
  3123 | D:2      | HP: 3/66 [something (2)]
  3126 | D:2      | HP: 1/66 [something (2)]
  3128 | D:2      | Reached XP level 7. HP: 1/50 MP: 7/7
  5153 | D:4      | Reached skill level 5 in Short Blades
  5863 | D:4      | Reached XP level 8. HP: 57/57 MP: 8/8
  6887 | D:5      | Entered Level 5 of the Dungeon
  7980 | D:5      | Got a fine robe
  7991 | D:5      | Identified the +1 robe of Xowyukk {Str-4 Int+7} (You found
                  | it on level 5 of the Dungeon)
  8606 | D:5      | Reached XP level 9. HP: 49/65 MP: 9/9
 10260 | D:6      | Reached skill level 5 in Dodging
 10635 | D:6      | Reached skill level 5 in Evocations
 10841 | D:6      | Reached skill level 5 in Fighting
 11729 | D:6      | Found a glowing silver altar of Zin.
 12652 | D:7      | Reached XP level 10. HP: 27/74 MP: 10/10
 13375 | D:7      | Got a heavily runed granite ring
 13423 | D:7      | Found a staircase to the Ecumenical Temple.
 13489 | D:7      | Got a thick robe
 13500 | D:7      | Identified the +1 robe of Tysaoluc {rPois MP+9} (You found
                  | it on level 7 of the Dungeon)
 13507 | Temple   | Entered the Ecumenical Temple
 13667 | Temple   | Became a worshipper of Gozag Ym Sagoz the Greedy
 13754 | D:8      | Identified the cursed ring "Uxedwy Pacu" {+Inv Str-4 Int+4}
                  | (You found it on level 7 of the Dungeon)
 13763 | D:8      | Noticed Grum
 14299 | D:8      | HP: 3/76 [orc wizard/magic dart (9)]
 15570 | D:7      | Killed Grum
 16225 | D:8      | Found a runed translucent gate.
 16225 | D:8      | Found a runed translucent gate.
 16225 | D:8      | Found an opulent altar of Gozag.
 16225 | D:8      | Found a runed translucent gate.
 16226 | D:8      | Noticed Mattiprrivan's ghost (novice OpCK)
 16976 | D:9      | Found a staircase to the Orcish Mines.
 17871 | D:9      | Reached skill level 5 in Stealth
 18779 | D:10     | Entered Level 10 of the Dungeon
 19127 | D:10     | Reached XP level 11. HP: 38/83 MP: 11/11
 19999 | D:10     | Found a staircase to the Lair.
 20195 | D:10     | Reached skill level 10 in Short Blades
 21692 | Lair:1   | Entered Level 1 of the Lair of Beasts
 21692 | Lair:1   | Found a runed translucent door.
 21787 | D:9      | Bought an ichor-stained shortbow for 304 gold pieces
 21788 | D:9      | Identified the +5 shortbow "Widat" {flame, Stlth+} (You
                  | bought it in a shop on level 9 of the Dungeon)
 21922 | Lair:1   | Reached skill level 1 in Bows
 22141 | Lair:1   | Found a transporter.
 22164 | Lair:1   | Noticed kalagan's ghost (journeyman DECj)
 22358 | Lair:1   | Noticed Harold
 23029 | Lair:1   | Found a transporter.
 24366 | Lair:2   | Noticed a catoblepas
 25179 | Lair:2   | Noticed an elephant
 25182 | Lair:2   | Noticed an elephant
 25196 | Lair:2   | Noticed an elephant
 25249 | Lair:1   | Killed an elephant
 25250 | Lair:1   | Reached XP level 12. HP: 33/92 MP: 12/12
 26348 | Lair:2   | Noticed Nergalle
 27538 | Lair:2   | Killed Nergalle
 28132 | Lair:3   | Reached skill level 10 in Dodging
 28448 | Lair:3   | Noticed a five-headed hydra
 28462 | Lair:3   | Killed a five-headed hydra
 29258 | Lair:3   | Reached skill level 5 in Bows
 29603 | Lair:3   | Found a hole to the Spider Nest.
 29924 | Lair:3   | Noticed Prince Ribbit
 29948 | Lair:3   | Killed Prince Ribbit
 31328 | Lair:3   | Reached XP level 13. HP: 67/101 MP: 13/13
 31757 | Lair:3   | Found a staircase to the Swamp.
 31796 | Lair:3   | Slain by a bog body

Illustrated notes

Levels and vault maps discovered:
D:1:      dpeg_arrival_renting, layout_basic, minmay_domino_4
D:2:      cheibrodos_pilgrimage, layout_basic, uniq_sigmund, uniq_terence
D:3:      layout_basic
D:4:      layout_loops_corners
D:5:      layout_gridville, minmay_misc_feat_roman
D:6:      layout_layer_cave, marbit_many_paths, portal_sewer_entry_c
D:7:      layout_basic, minmay_temple_entry_hall, minivault_19
D:8:      layout_basic, ebering_ghost_gozag, uniq_grum
D:9:      layout_loops_ring, erik_orc_4
D:10:     layout_cave_pools, david_lair_shrubbed
Temple:   kilobyte_greek_temple
Lair:1:   gammafunk_indiana_jones, layout_regular_city, gammafunk_ghost_arena,
          uniq_harold
Lair:2:   layout_hall_layers, grunt_megastairs_4, uniq_nergalle
Lair:3:   layout_layer_cave, skrybe_swamp_entry_bodies, dummy_spider_entry,
          infiniplex_staircase_pool, serial_bayou_shore_a, uniq_prince_ribbit2

Skill      XL: |  1  2  3  4  5  6  7  8  9 10 11 12 13 |
---------------+----------------------------------------+-----
Evocations     | 4 5 6 |  6.7
Short Blades   | 3 4 5 7 8 9 10 11 | 11.0
Fighting       | 2 3 5 6 7 9 |  9.1
Dodging        | 2 3 4 5 7 9 11 | 11.3
Stealth        | 2 3 5 6 |  6.1
Bows           | 3 5 |  5.6
Armour         | |  2.1

Action                   |  1- 3 |  4- 6 |  7- 9 | 10-12 | 13-15 || total
-------------------------+-------+-------+-------+-------+-------++-------
Melee: Club              |    60 |       |       |       |       ||    60
       Short sword       |    78 |   144 |    19 |       |       ||   241
       Dagger            |       |       |   810 |  1672 |    34 ||  2516
 Fire: Shortbow          |       |       |       |    35 |       ||    35
Invok: Call Merchant     |       |       |       |     1 |       ||     1
Evoke: Wand              |    12 |    17 |    18 |    47 |       ||    94
       Condenser vane    |       |       |       |     2 |       ||     2
  Use: Potion            |       |     1 |     1 |     6 |       ||     8
       Scroll            |       |       |     7 |    12 |       ||    19
 Stab: Sleeping          |     3 |       |       |    10 |       ||    13
       Distracted        |       |       |     2 |     3 |       ||     5
Armor: Leather armour    |     3 |       |       |       |       ||     3
       Ring mail         |    59 |    38 |    30 |       |       ||   127
       Robe              |       |       |    83 |   131 |     4 ||   218
       Skin              |       |       |       |     6 |       ||     6
Dodge: Dodged            |   103 |    53 |   346 |   828 |    12 ||  1342
